 Dungeon Crawl Stone Soup version 0.24.0-123-gd5b16e6ec5 (webtiles) character file.

Game seed: 16754632621649056820, levelgen mode: deterministic

83 sandmanx the Shield-Bearer (level 4, -10/29 HPs)
             Began as a Gargoyle Fighter on Jan 21, 2020.
             Killed by divine providence
             ... invoked by an orc priest
              (12 damage)
             ... on level 3 of the Dungeon.
             The game lasted 00:04:09 (1491 turns).

sandmanx the Shield-Bearer (Gargoyle Fighter)       Turns: 1491, Time: 00:04:10

Health: -10/29     AC: 14    Str: 20    XL:     4   Next: 44%
Magic:  4/4        EV:  5    Int:  9    God:
Gold:   127        SH:  9    Dex:  9    Spells: 3/3 levels left

rFire    . . .     SeeInvis .   a - +0 flail
rCold    . . .     Gourm    .   c - +0 shield
rNeg     + . .     Faith    .   t - +1 chain mail {rPois}
rPois    ∞         Spirit   .   (no helmet)
rElec    +         Reflect  .   (no cloak)
rCorr    .         Harm     .   (no gloves)
MR       .....                  (no boots)
Stlth    ..........             (no amulet)
HPRegen  0.09/turn              (no ring)
MPRegen  0.09/turn              (no ring)

@: no status effects
A: negative energy resistance 1, electricity resistance, unbreathing,
petrification resistance, rot immunity, AC +3
a: no special abilities


You were on level 3 of the Dungeon.
You were not hungry.

You visited 1 branch of the dungeon, and saw 4 of its levels.

You collected 127 gold pieces.

Inventory:

Hand Weapons
 a - a +0 flail (weapon)
Armour
 b - a +0 scale mail
 c - a +0 shield (worn)
 t - a +1 chain mail of poison resistance (worn)
   (You found it on level 3 of the Dungeon)
Jewellery
 g - an uncursed ring of positive energy {unknown}
   (You found it on level 1 of the Dungeon)
 n - an uncursed ring of see invisible {unknown}
   (You found it on level 2 of the Dungeon)
Scrolls
 f - a scroll of enchant weapon {unknown}
 h - a scroll of teleportation {unknown}
 j - 2 scrolls of blinking {unknown}
 l - a scroll of remove curse {unknown}
 m - a scroll of immolation {unknown}
 o - a scroll of noise {unknown}
 q - a scroll of identify {unknown}
Potions
 d - 3 potions of might
 i - a potion of degeneration {unknown}
 k - 3 potions of curing {unknown}
 p - 3 potions of haste {unknown}
 r - a potion of berserk rage {unknown}
Comestibles
 e - 4 rations {!d}
 s - a chunk of flesh


   Skills:
 + Level 4.0 Fighting
 + Level 2.7 Maces & Flails
 + Level 4.0 Armour
 + Level 4.0 Shields


You had 3 spell levels left.
You didn't know any spells.
Your spell library was empty.

Dungeon Overview and Level Annotations

Branches:
Dungeon (4/15)
 Temple: D:4-7

Altars:


Innate Abilities, Weirdness & Mutations

You are resistant to torment.
Your stone body is resilient. (AC +3)
You are immune to poison.
You resist negative energy. (rN+)
You are resistant to electric shocks. (rElec)
You can survive without breathing.
You are immune to petrification.
You are immune to rotting.


Message History

The orc hits you but does no damage. You block the orc wizard's attack.
The orc priest begins to cast a cantrip, but forgets the words!
The orc throws a boomerang.
The boomerang hits you but does no damage.
The weapon returns to the orc!
You hit the orc wizard.
The orc wizard hits you but does no damage.
You block the orc's attack.
The orc wizard looks satisfied for a moment.
You hit the orc wizard.
The orc wizard hits you but does no damage.
The orc closely misses you.
The orc wizard hits you but does no damage.
The orc hits you but does no damage.
The orc priest calls down the wrath of Beogh upon you.
Beogh smites you!
* * * LOW HITPOINT WARNING * * *
You block the orc wizard's attack.
The orc throws a boomerang.
The boomerang barely misses you.
The weapon returns to the orc!
The orc priest hits you but does no damage.
The orc hits you but does no damage.
The orc wizard gestures at you while chanting.
The puff of frost hits you but does no damage.
The orc priest looks braver for a moment.
The orc throws a boomerang.
The boomerang hits you but does no damage.
There is a stone staircase leading down here.
The orc wizard gestures at you while chanting.
The puff of frost hits you!
* * * LOW HITPOINT WARNING * * *
The orc wizard hits you but does no damage.
You climb downwards.
A hound and a worker ant come into view.
The worker ant twitches its antennae in your direction.
The hound barks!
Found 14 poisoned darts.
There is a stone staircase leading up here.
The orc priest mumbles some strange prayers to Beogh against you.
You barely resist.
The orc wizard looks satisfied for a moment.
You climb upwards.
The orc throws a boomerang.
The boomerang hits you but does no damage.
The weapon returns to the orc!
The orc hits you but does no damage.
There is a stone staircase leading down here.
The orc wizard begins to cast a cantrip, but forgets the words!
The orc priest calls upon Beogh to heal the orc wizard.
The orc wizard is healed somewhat.
The orc priest invokes the aid of Beogh against you.
Beogh smites you!
You die...

...... # # . ..... .# .# ##.
##...##. #.# .... ...... ..#
..###...# ..# ...#...##..###. .
# #.#.o.........
....#####...o.@.......#####
##......#...o.o..........># .
....##....................# ..
.................#####....# #..
.....#........##...# #....#....
........[........#.###....#....
........######..........o......
.......<.....)..........#.##...
........########.#.##.....o....


You could see an orc priest, an orc wizard and 2 orcs.

Vanquished Creatures
  3 adders
  An ooze (D:1)
  A worm (D:2)
  A dart slug (D:1)
  2 leopard geckos (D:1)
  An orc (D:3)
  7 bats
  3 giant cockroaches
  6 goblins
  A hobgoblin (D:1)
  3 jackals (D:2)
  A quokka (D:2)
  2 ball pythons
  3 frilled lizards
  5 kobolds
  3 rats
43 creatures vanquished.

Notes
Turn   | Place    | Note
-------+----------+-------------------------------------------
     0 | D:1      | sandmanx the Gargoyle Fighter began the quest for the Orb.
     0 | D:1      | Reached XP level 1. HP: 14/14 MP: 1/1
   124 | D:1      | Reached XP level 2. HP: 19/19 MP: 2/2
   456 | D:1      | Reached XP level 3. HP: 22/24 MP: 3/3
  1010 | D:2      | Reached XP level 4. HP: 29/29 MP: 4/4
  1491 | D:3      | Killed from afar by an orc priest

Levels and vault maps discovered:
D:1:      lightli_arrival_statuegarden, layout_loops_ring
D:2:      layout_basic
D:3:      layout_rooms, uniq_jessica
D:4:      layout_basic, cheibriados_altar_1, first_ration

Skill      XL: |  1  2  3  4 |
---------------+-------------+-----
Fighting       | 4 |  4.0
Shields        | 4 |  4.0
Armour         | 4 |  4.0
Maces & Flails | |  2.7

Action                   |  1- 3 |  4- 6 || total
-------------------------+-------+-------++-------
Melee: Flail             |   104 |    48 ||   152
  Eat: Chunk             |     1 |     1 ||     2
Armor: Scale mail        |    60 |    13 ||    73
       Chain mail        |       |    31 ||    31
Dodge: Dodged            |    21 |    15 ||    36
Block: Shield            |    68 |    32 ||   100
